 Dungeon Crawl Stone Soup version 0.24-a0-203-gf0bc1e9 (webtiles) character file.

Game seed: 12857142457332170846

56 Ivan the Shield-Bearer (level 3, -2/33 HPs)
             Began as a Minotaur Fighter on Mar 26, 2019.
             Blown up by Ijyb (14 damage)
             ... with a wand of disintegration (9)
             ... on level 3 of the Dungeon.
             The game lasted 00:04:46 (1775 turns).

Ivan the Shield-Bearer (Minotaur Fighter)           Turns: 1775, Time: 00:04:46

Health: -2/33      AC:  9    Str: 26    XL:     3   Next: 71%
Magic:  2/2        EV:  8    Int:  5    God:
Gold:   108        SH: 10    Dex: 12    Spells: 2/2 levels left

rFire    . . .     SeeInvis .   a - +0 war axe
rCold    . . .     Gourm    .   c - +0 shield
rNeg     . . .     Faith    .   b - +0 scale mail
rPois    .         Spirit   .   (helmet restricted)
rElec    .         Reflect  .   e - +0 cloak
rCorr    .         Harm     .   (no gloves)
MR       .....                  q - +0 pair of boots
Stlth    ..........             (no amulet)
HPRegen  0.11/turn              g - +3 ring of dexterity
MPRegen  0.08/turn              (no ring)

@: mighty
A: retaliatory headbutt, horns 2
a: no special abilities


You were on level 3 of the Dungeon.
You were hungry.

You visited 1 branch of the dungeon, and saw 3 of its levels.

You collected 108 gold pieces.

Inventory:

Hand Weapons
 a - a +0 war axe (weapon)
Missiles
 v - 5 tomahawks (quivered)
Armour
 b - a +0 scale mail (worn)
 c - a +0 shield (worn)
 e - a +0 cloak (worn)
 q - a +0 pair of boots (worn)
Jewellery
 g - a +3 ring of dexterity (left hand)
 u - an uncursed amulet of the gourmand {unknown}
Scrolls
 i - a scroll of noise {unknown}
 k - a scroll of fog {unknown}
 l - 3 scrolls of identify {unknown}
 m - a scroll of amnesia {unknown}
 n - a scroll of enchant armour {unknown}
 o - a scroll of remove curse {unknown}
 p - a scroll of teleportation {unknown}
 r - 2 scrolls of enchant weapon {unknown}
Potions
 h - 2 potions of lignification {unknown}
 j - 2 potions of degeneration {unknown}
 s - a potion of curing {unknown}
 t - a potion of invisibility {unknown}
Comestibles
 f - 6 rations


   Skills:
 + Level 4.2 Fighting
 * Level 3.3 Axes
 + Level 4.0 Armour
 + Level 0.3 Dodging
 + Level 4.3 Shields


You had 2 spell levels left.
You didn't know any spells.
Your spell library was empty.

Dungeon Overview and Level Annotations

Branches:
Dungeon (3/15)

Altars:
Dithmenos
Ru

Annotations:
D:3 Ijyb


Innate Abilities, Weirdness & Mutations

You reflexively headbutt those who attack you in melee.
You have a pair of horns on your head.


Message History

v - 5 tomahawks You open the door.
There is an open door here.
You now have 108 gold pieces (gained 9).
You open the door.
There is an open door here.
There is an open door here.
Found a stone staircase leading down.
Ijyb the Twisted Goblin comes into view.
She is wearing a +3 leather armour of cold resistance and carrying a wand of disintegration (11).
Ijyb shouts!
You hear an angry hiss.
An adder comes into view.
Found 12 stones.
Ijyb zaps a wand.
You are blasted!
You hit Ijyb but do no damage.
Ijyb zaps a wand.
You are blasted!
You are too injured to fight recklessly!
You are too injured to fight recklessly!
You are too injured to fight recklessly!
You feel very mighty all of a sudden.
Ijyb zaps a wand.
You are blasted!
You die...

########..
#......(..
#>@g.S....
#.######..
#.# #.#
#.#####
#.#...###
#.#...'.#
#.#...#.#
#.#...#.#


You could see Ijyb and an adder.

Vanquished Creatures
  An adder (D:2)
  An ooze (D:1)
  2 dart slugs (D:3)
  A leopard gecko (D:2)
  9 bats
  3 giant cockroaches
  4 goblins
  5 hobgoblins
  2 jackals (D:3)
  A frilled lizard (D:2)
  3 kobolds
  5 rats
37 creatures vanquished.

Notes
Turn   | Place    | Note
-------+----------+-------------------------------------------
     0 | D:1      | Ivan the Minotaur Fighter began the quest for the Orb.
     0 | D:1      | Reached XP level 1. HP: 19/19 MP: 0/0
    87 | D:1      | Reached XP level 2. HP: 25/27 MP: 1/1
   533 | D:2      | Found a shadowy altar of Dithmenos.
   727 | D:2      | Reached XP level 3. HP: 33/33 MP: 2/2
   895 | D:2      | Found a sacrificial altar of Ru.
  1772 | D:3      | Noticed Ijyb
  1775 | D:3      | Blown up by Ijyb

Levels and vault maps discovered:
D:1:      dpeg_arrival_chambers_temple_mockup, layout_rooms
D:2:      layout_loops_corners, lemuel_doored_altar, lemuel_crystal_altar
D:3:      layout_basic, uniq_ijyb

Skill      XL: |  1  2  3 |
---------------+----------+-----
Fighting       | 4 |  4.2
Shields        | 4 |  4.3
Armour         | 4 |  4.0
Axes           | 3 |  3.3
Dodging        | |  0.3

Action                   || total
-------------------------++-------
Melee: War axe           ||    91
       Headbutt          ||    12
  Use: Potion            ||     1
  Eat: Chunk             ||     2
Armor: Scale mail        ||    61
Dodge: Dodged            ||    33
Block: Shield            ||    47

Table legend:
 A = Non-vault XP
 B = Vault XP
 C = Vault XP percentage of total XP
 D = Non-vault monster count
 E = Vault monster count
 F = Vault count percentage of total count
                 A         B        C        D         E       F
            +---------+---------+-------+---------+---------+-------
      Total |      81 |       0 |   0.0 |      37 |       0 |   0.0
            +---------+---------+-------+---------+---------+-------
        D:1 |      33 |       0 |   0.0 |      17 |       0 |   0.0
        D:2 |      33 |       0 |   0.0 |      13 |       0 |   0.0
        D:3 |      15 |       0 |   0.0 |       7 |       0 |   0.0
            +---------+---------+-------+---------+---------+-------
